 Dungeon Crawl Stone Soup version 0.25-a0-316-gd28d56f9c5 (webtiles) character file.

Game seed: 7007496849627158708, levelgen mode: deterministic

14093 MisterFreud the Blocker (level 12, -11/96 HPs)
             Began as a Gnoll Fighter on Dec 24, 2019.
             Was a Priest of Ashenzari.
             Mangled by a phantasmal warrior (21 damage)
             ... led by a death knight
             ... while paralysed
             ... on level 12 of the Dungeon.
             The game lasted 00:18:16 (9942 turns).

MisterFreud the Blocker (Gnoll Fighter)             Turns: 9942, Time: 00:18:16

Health: -11/96     AC: 26    Str: 19    XL:     12   Next: 12%
Magic:  22/22      EV:  2    Int: 22    God:    Ashenzari [***...]
Gold:   627        SH:  0    Dex: 18    Spells: 24/24 levels left

rFire    . . .     SeeInvis +   O - +1 morningstar (protect) (curse)
rCold    . . .     Gourm    .   c - +0 shield (curse)
rNeg     . . .     Faith    .   P - +1 chain mail {rPois}
rPois    +         Spirit   .   i - +2 hat
rElec    .         Reflect  .   U - +2 cloak
rCorr    .         Harm     .   G - +0 pair of gloves
MR       .....                  (no boots)
Stlth    +.........             t - amulet of rage
HPRegen  0.26/turn              D - +6 ring of intelligence
MPRegen  0.18/turn              B - +4 ring of dexterity

@: paralysed, protection aura, berserk cooldown, starving, slowed
A: distributed training, fangs 1, strong nose
a: Curse Item, Scrying, Renounce Religion, Evoke Berserk Rage


You were on level 12 of the Dungeon.
You worshipped Ashenzari.
Ashenzari was most pleased with you.
You were starving.

You visited 2 branches of the dungeon, and saw 13 of its levels.

You collected 627 gold pieces.

Inventory:

Hand Weapons
 O - a cursed +1 morningstar of protection (weapon)
 X - the +6 rapier of Xeqit {pierce, rC+}
   (You found it on level 10 of the Dungeon)

   It inflicts extra damage upon your enemies.
   It protects you from cold.
Missiles
 e - 257 arrows
 g - 88 bolts
 k - 263 stones (quivered)
 q - 32 poisoned darts
 y - 65 sling bullets
 F - 9 boomerangs
 N - 2 throwing nets
Armour
 c - a cursed +0 shield (worn)
 i - a +2 hat (worn)
 G - a +0 pair of gloves (worn)
 P - a +1 chain mail of poison resistance (worn)
 U - a +2 cloak (worn)
Jewellery
 h - an uncursed ring of positive energy
 t - an amulet of rage (around neck)
 B - a +4 ring of dexterity (right hand)
 D - a +6 ring of intelligence (left hand)
 R - an uncursed ring of stealth
 S - an uncursed ring of magical power
 T - an uncursed ring of flight
 Y - an uncursed ring of positive energy
Wands
 b - a wand of random effects (36)
 w - a wand of paralysis (22)
 I - a wand of polymorph (12)
 L - a wand of enslavement (21)
 Q - a wand of iceblast (18)
 Z - a wand of acid (4)
Scrolls
 a - a scroll of blinking {unknown}
 l - a scroll of random uselessness {unknown}
 n - 2 scrolls of immolation {unknown}
 o - 3 scrolls of teleportation
 r - 2 scrolls of fear {unknown}
 u - a scroll of enchant weapon
 v - 5 scrolls of remove curse
 C - a scroll of fog
 H - a scroll of amnesia {unknown}
 J - 3 scrolls of identify
 K - a scroll of noise {unknown}
 W - a scroll of magic mapping {unknown}
Potions
 d - 2 potions of might
 j - 2 potions of agility
 m - a potion of heal wounds
 p - a potion of haste
 s - 2 potions of magic
 x - 3 potions of degeneration
 z - 3 potions of curing
 A - 4 potions of flight
 E - 4 potions of cancellation
 M - a potion of resistance
 V - a potion of lignification
Comestibles
 f - 15 rations


   Skills:
 + Level 9.5 Fighting
 + Level 8.3 Short Blades
 + Level 6.8 Long Blades
 + Level 6.8 Axes
 + Level 6.8(9.8) Maces & Flails
 + Level 6.8 Polearms
 + Level 6.8 Staves
 + Level 6.8 Slings
 + Level 6.8 Bows
 + Level 6.8 Crossbows
 + Level 6.8 Throwing
 + Level 9.5 Armour
 + Level 6.8 Dodging
 + Level 6.8 Stealth
 + Level 9.5(11.3) Shields
 + Level 6.8 Unarmed Combat
 + Level 6.8 Spellcasting
 + Level 5.7 Conjurations
 + Level 5.7 Hexes
 + Level 5.7 Charms
 + Level 5.7 Summonings
 + Level 5.7 Necromancy
 + Level 5.7 Translocations
 + Level 5.7 Transmutations
 + Level 5.7 Fire Magic
 + Level 5.7 Ice Magic
 + Level 5.7 Air Magic
 + Level 5.7 Earth Magic
 + Level 5.7 Poison Magic
 + Level 7.5 Invocations
 + Level 6.8 Evocations


You had 24 spell levels left.
You didn't know any spells.
Your spell library contained the following spells:

 Spells                   Type           Power        Failure   Level  Hunger
 Beastly Appendage        Tmut           ####..       11%         1    None
 Confusing Touch          Hex            ####..       11%         1    None
 Foxfire                  Conj/Fire      ####         11%         1    None
 Sticks to Snakes         Tmut           ####....     16%         2    None
 Confuse                  Hex            ####....     30%         3    None
 Conjure Flame            Conj/Fire      ####....     30%         3    None
 Gell's Gravitas          Tloc           ####......   30%         3    None
 Inner Flame              Hex/Fire       ####....     30%         3    None
 Spider Form              Tmut/Pois      ####......   30%         3    None
 Ice Form                 Ice/Tmut       ####....     71%         4    ###....
 Petrify                  Tmut/Erth      ####....     71%         4    ###....
 Sticky Flame             Conj/Fire      ####....     71%         4    ###....
 Blade Hands              Tmut           ####......   96%         5    #####..
 Fireball                 Conj/Fire      ####......   96%         5    #####..
 Metabolic Englaciation   Hex/Ice        ####......   96%         5    #####..
 Yara's Violent Unravell  Hex/Tmut       ####......   96%         5    #####..


Dungeon Overview and Level Annotations

Branches:
Dungeon (12/15)            Temple (1/1) D:4            Lair (0/6) D:8
    Orc (0/2) D:10

Altars:
Ashenzari
Cheibriados
Dithmenos
Elyvilon
Gozag
Hepliaklqana
Kikubaaqudgha
Makhleb
Nemelex Xobeh
Okawaru
Ru
Sif Muna
Trog
Uskayaw
Vehumet
Xom
Yredelemnul
Zin
The Shining One


Innate Abilities, Weirdness & Mutations

Your experience applies equally to all skills.
You have very sharp teeth.
Your uncanny sense of smell can sniff out nearby items.


Message History

The skeletal warrior is lightly damaged.
You block the skeletal warrior's attack.
You hit the skeletal warrior but do no damage.
Your bite misses the skeletal warrior.
The skeletal warrior is lightly damaged.
You block the phantasmal warrior's attack.
You barely miss the skeletal warrior. Your bite misses the skeletal warrior.
The skeletal warrior is lightly damaged.
You block the skeletal warrior's attack.
The phantasmal warrior misses you.
You hit the skeletal warrior but do no damage.
The skeletal warrior is lightly damaged.
You are no longer berserk.
You pass out from exhaustion.
You feel yourself slow down. The phantasmal warrior hits you!
* * * LOW HITPOINT WARNING * * *
The skeletal warrior hits you with a +2 broad axe of chopping.
* * * LOW HITPOINT WARNING * * *
x2 The phantasmal warrior hits you!!
You die...

* , ,, , *
** * , * #
* ,
*##..#####
,
....^..<#
* * , ,
##..###W#
, ** *,,*
#@#* * * *
, #z# , *
* #.#*, *
* #.....#
* *
####..#
*{z# *,,#
* **,, *


You could see a skeletal warrior and a phantasmal warrior.

Vanquished Creatures
  Harold (D:7)
  A death knight (D:12)
  2 two-headed ogres
  3 death yaks (D:8)
  A phantasmal warrior (D:12)
  A cyclops (D:9)
  2 manticores
  A centaur skeleton (D:11)
  2 centaur zombies
  A freezing wraith (D:12)
  A merfolk (D:9)
  Prince Ribbit (D:7)
  A meliai zombie (D:10)
  3 hippogriffs
  Sigmund (D:3)
  8 yaks
  A wraith (D:10)
  A hungry ghost (D:9)
  2 sky beasts
  2 ice beasts (D:10)
  3 black bears
  2 ogres
  3 phantoms
  10 centaurs
  2 big kobolds (D:7)
  5 bullfrogs
  A water moccasin zombie (D:9)
  5 scorpions
  6 killer bees (D:8)
  A howler monkey (D:8)
  10 wights
  2 electric eels (D:8)
  8 crimson imps
  A bullfrog zombie (D:11)
  5 hounds
  3 jellies
  4 orc priests
  2 iguanas
  6 orc wizards
  2 worker ants
  Ijyb (D:3)
  2 hound skeletons
  A worker ant zombie (D:5)
  11 adders
  An ooze (D:2)
  3 dart slugs
  2 leopard geckos
  23 orcs
  A ball python (D:3)
  6 giant cockroaches
  6 goblins
  8 hobgoblins
  18 jackals
  3 quokkas
  3 bats
  3 frilled lizards
  13 kobolds
  7 rats
229 creatures vanquished.

Vanquished Creatures (others)
  A bullfrog zombie (D:11)
  A bullfrog simulacrum (D:11)
  A worker ant zombie (D:11)
3 creatures vanquished.

Grand Total: 232 creatures vanquished

Notes
Turn   | Place    | Note
-------+----------+-------------------------------------------
     0 | D:1      | MisterFreud the Gnoll Fighter began the quest for the Orb.
     0 | D:1      | Reached XP level 1. HP: 23/23 MP: 1/1
   155 | D:1      | Reached XP level 2. HP: 29/29 MP: 2/2
   425 | D:1      | Reached XP level 3. HP: 35/35 MP: 3/3
   836 | D:2      | Reached skill level 1 in Invocations
   886 | D:2      | Reached skill level 1 in Long Blades
   886 | D:2      | Reached skill level 1 in Axes
   886 | D:2      | Reached skill level 1 in Maces & Flails
   886 | D:2      | Reached skill level 1 in Polearms
   886 | D:2      | Reached skill level 1 in Staves
   886 | D:2      | Reached skill level 1 in Slings
   886 | D:2      | Reached skill level 1 in Bows
   886 | D:2      | Reached skill level 1 in Crossbows
   886 | D:2      | Reached skill level 1 in Throwing
   886 | D:2      | Reached skill level 1 in Dodging
   886 | D:2      | Reached skill level 1 in Stealth
   886 | D:2      | Reached skill level 1 in Unarmed Combat
   886 | D:2      | Reached skill level 1 in Spellcasting
   886 | D:2      | Reached skill level 1 in Evocations
   886 | D:2      | Reached XP level 4. HP: 39/41 MP: 5/5
   894 | D:2      | Found a glowing golden altar of the Shining One.
   956 | D:2      | Found an ancient bone altar of Kikubaaqudgha.
  1185 | D:2      | Reached skill level 1 in Conjurations
  1185 | D:2      | Reached skill level 1 in Hexes
  1185 | D:2      | Reached skill level 1 in Charms
  1185 | D:2      | Reached skill level 1 in Summonings
  1185 | D:2      | Reached skill level 1 in Necromancy
  1185 | D:2      | Reached skill level 1 in Translocations
  1185 | D:2      | Reached skill level 1 in Transmutations
  1185 | D:2      | Reached skill level 1 in Fire Magic
  1185 | D:2      | Reached skill level 1 in Ice Magic
  1185 | D:2      | Reached skill level 1 in Air Magic
  1185 | D:2      | Reached skill level 1 in Earth Magic
  1185 | D:2      | Reached skill level 1 in Poison Magic
  1533 | D:3      | Reached XP level 5. HP: 47/47 MP: 6/6
  1609 | D:3      | Noticed Ijyb
  1620 | D:3      | Paralysed by Ijyb for 5 turns
  1638 | D:3      | Killed Ijyb
  1799 | D:3      | Noticed Sigmund
  1809 | D:3      | Killed Sigmund
  1809 | D:3      | Reached XP level 6. HP: 53/53 MP: 8/8
  1981 | D:3      | Found a bloodstained altar of Trog.
  1985 | D:3      | Reached skill level 5 in Short Blades
  2481 | D:4      | Found a staircase to the Ecumenical Temple.
  2500 | Temple   | Entered the Ecumenical Temple
  2542 | Temple   | Became a worshipper of Ashenzari the Shackled
  2776 | D:5      | Entered Level 5 of the Dungeon
  2807 | D:5      | Reached XP level 7. HP: 59/59 MP: 10/10
  3023 | D:5      | Found a white marble altar of Elyvilon.
  3024 | D:5      | Found a burning altar of Makhleb.
  3483 | D:6      | Found a glowing silver altar of Zin.
  3528 | D:6      | Reached XP level 8. HP: 49/67 MP: 12/12
  3558 | D:6      | Reached * piety under Ashenzari
  3949 | D:6      | Found a shadowy altar of Dithmenos.
  4269 | D:7      | Noticed a hippogriff
  4324 | D:7      | Killed a hippogriff
  4324 | D:7      | Noticed Harold
  4339 | D:7      | Killed Harold
  4339 | D:7      | Reached XP level 9. HP: 46/73 MP: 12/15
  5188 | D:7      | Reached ** piety under Ashenzari
  5218 | D:7      | Noticed Prince Ribbit
  5269 | D:7      | Reached skill level 5 in Invocations
  5398 | D:7      | Found a shimmering blue altar of Sif Muna.
  5429 | D:7      | Killed Prince Ribbit
  5429 | D:7      | Reached XP level 10. HP: 64/80 MP: 17/17
  5441 | D:7      | Found a glowing silver altar of Zin.
  5442 | D:7      | Noticed an angel
  5804 | D:8      | Found an opulent altar of Gozag.
  6272 | D:8      | Noticed a death yak
  6273 | D:8      | Found a staircase to the Lair.
  6273 | D:8      | Noticed a death yak
  6303 | D:8      | Killed a death yak
  6303 | D:8      | Reached skill level 5 in Long Blades
  6303 | D:8      | Reached skill level 5 in Axes
  6303 | D:8      | Reached skill level 5 in Maces & Flails
  6303 | D:8      | Reached skill level 5 in Polearms
  6303 | D:8      | Reached skill level 5 in Staves
  6303 | D:8      | Reached skill level 5 in Slings
  6303 | D:8      | Reached skill level 5 in Bows
  6303 | D:8      | Reached skill level 5 in Crossbows
  6303 | D:8      | Reached skill level 5 in Throwing
  6303 | D:8      | Reached skill level 5 in Dodging
  6303 | D:8      | Reached skill level 5 in Stealth
  6303 | D:8      | Reached skill level 5 in Unarmed Combat
  6303 | D:8      | Reached skill level 5 in Spellcasting
  6303 | D:8      | Reached skill level 5 in Evocations
  6309 | D:8      | Killed a death yak
  6583 | D:8      | Noticed a death yak
  6624 | D:8      | Killed a death yak
  6646 | D:8      | Reached XP level 11. HP: 55/87 MP: 19/19
  7371 | D:9      | Found a white marble altar of Elyvilon.
  7597 | D:9      | Reached skill level 5 in Conjurations
  7597 | D:9      | Reached skill level 5 in Hexes
  7597 | D:9      | Reached skill level 5 in Charms
  7597 | D:9      | Reached skill level 5 in Summonings
  7597 | D:9      | Reached skill level 5 in Necromancy
  7597 | D:9      | Reached skill level 5 in Translocations
  7597 | D:9      | Reached skill level 5 in Transmutations
  7597 | D:9      | Reached skill level 5 in Fire Magic
  7597 | D:9      | Reached skill level 5 in Ice Magic
  7597 | D:9      | Reached skill level 5 in Air Magic
  7597 | D:9      | Reached skill level 5 in Earth Magic
  7597 | D:9      | Reached skill level 5 in Poison Magic
  7694 | D:9      | Reached *** piety under Ashenzari
  7885 | D:10     | Entered Level 10 of the Dungeon
  7918 | D:10     | Identified the +6 rapier of Xeqit {pierce, rC+}
  8514 | D:10     | Noticed a cyclops
  8521 | D:9      | Killed a cyclops
  8567 | D:10     | Found a shimmering altar of Xom.
  8621 | D:10     | Noticed a two-headed ogre
  8639 | D:10     | Killed a two-headed ogre
  8811 | D:10     | Found a staircase to the Orcish Mines.
  9084 | D:11     | Identified the +3 shortbow of Ojelak {flame, rPois}
  9084 | D:11     | Noticed a centaur warrior
  9084 | D:11     | Noticed a purple ugly thing
  9084 | D:11     | Noticed a skeletal warrior
  9093 | D:11     | Noticed a wolf spider
  9103 | D:11     | Noticed a manticore
  9115 | D:11     | Killed a manticore
  9183 | D:11     | Noticed a two-headed ogre
  9207 | D:11     | Killed a two-headed ogre
  9899 | D:12     | Noticed a manticore
  9899 | D:12     | Noticed a death knight
  9899 | D:12     | Noticed a phantasmal warrior
  9899 | D:12     | Noticed a skeletal warrior
  9909 | D:12     | Noticed a phantasmal warrior
  9916 | D:12     | Killed a manticore
  9916 | D:12     | Reached XP level 12. HP: 81/96 MP: 22/22
  9936 | D:12     | Killed a death knight
  9942 | D:12     | Mangled by a phantasmal warrior

Levels and vault maps discovered:
D:1:      lightli_arrival_isolated_outpost, layout_basic
D:2:      layout_loops_corners, lemuel_doored_altar,
          nicolae_overflow_crystal_walls, first_ration, minmay_pentomino_s2
D:3:      layout_basic, lightli_temple_of_fire, uniq_ijyb, uniq_sigmund
D:4:      layout_rooms, minmay_temple_entry_arrows, kennysheep_generic_room_6
D:5:      layout_gridville, gammafunk_temple_overflow_pools
D:6:      layout_basic, basic_altar, nicolae_dithmenos_the_darkroom
D:7:      layout_loops_corners, zin_angel, lemuel_blue_sif_altar, uniq_harold,
          uniq_prince_ribbit1
D:8:      black_bear_nest_2, layout_loops_ring, dpeg_lair_monsters,
          kennysheep_cluttered_room, grunt_gozag_statues
D:9:      layout_stronghold, hangedman_fish_farm, elyvilon_altar_5
D:10:     layout_basic, orc_0_dummy, basic_altar
D:11:     layout_roguey, minmay_misc_feat_cross, minivault_12
D:12:     layout_loops_ring, uniq_frances, uniq_fannar
Temple:   kb_temple_of_zot

Skill      XL: |  1  2  3  4  5  6  7  8  9 10 11 |
---------------+----------------------------------+-----
Invocations    | 1 2 3 4 5 6 7 |  7.5
Long Blades    | 1 2 4 5 6 |  6.8
Axes           | 1 2 4 5 6 |  6.8
Maces & Flails | 1 2 4 5 6 |  6.8
Polearms       | 1 2 4 5 6 |  6.8
Staves         | 1 2 4 5 6 |  6.8
Slings         | 1 2 4 5 6 |  6.8
Bows           | 1 2 4 5 6 |  6.8
Crossbows      | 1 2 4 5 6 |  6.8
Throwing       | 1 2 4 5 6 |  6.8
Dodging        | 1 2 4 5 6 |  6.8
Stealth        | 1 2 4 5 6 |  6.8
Unarmed Combat | 1 2 4 5 6 |  6.8
Spellcasting   | 1 2 4 5 6 |  6.8
Evocations     | 1 2 4 5 6 |  6.8
Conjurations   | 1 2 3 4 5 |  5.7
Hexes          | 1 2 3 4 5 |  5.7
Charms         | 1 2 3 4 5 |  5.7
Summonings     | 1 2 3 4 5 |  5.7
Necromancy     | 1 2 3 4 5 |  5.7
Translocations | 1 2 3 4 5 |  5.7
Transmutations | 1 2 3 4 5 |  5.7
Fire Magic     | 1 2 3 4 5 |  5.7
Ice Magic      | 1 2 3 4 5 |  5.7
Air Magic      | 1 2 3 4 5 |  5.7
Earth Magic    | 1 2 3 4 5 |  5.7
Poison Magic   | 1 2 3 4 5 |  5.7
Short Blades   | 5 6 7 8 |  8.3
Fighting       | 7 8 9 |  9.5
Armour         | 7 8 9 |  9.5
Shields        | 7 8 9 |  9.5

Action                   |  1- 3 |  4- 6 |  7- 9 | 10-12 || total
-------------------------+-------+-------+-------+-------++-------
Melee: Rapier            |    99 |   138 |   272 |       ||   509
       Bite              |    11 |    14 |    48 |    74 ||   147
       Morningstar       |       |       |   101 |   493 ||   594
Invok: Curse Item        |       |     1 |       |       ||     1
 Abil: Evoke Berserk Rag |       |     1 |     2 |     4 ||     7
Evoke: Wand              |       |       |       |     1 ||     1
  Use: Scroll            |       |       |     9 |     3 ||    12
       Potion            |       |       |       |     1 ||     1
 Stab: Sleeping          |       |       |     1 |       ||     1
       Paralysed         |       |       |       |     2 ||     2
  Eat: Chunk             |       |     7 |    11 |    13 ||    31
       Ration            |       |       |       |     2 ||     2
Armor: Scale mail        |    27 |    33 |    73 |       ||   133
       Chain mail        |       |       |    52 |   239 ||   291
Dodge: Dodged            |    20 |    40 |    97 |   161 ||   318
Block: Shield            |    41 |    59 |   191 |   318 ||   609

Table legend:
 A = Non-vault XP
 B = Vault XP
 C = Vault XP percentage of total XP
 D = Non-vault monster count
 E = Vault monster count
 F = Vault count percentage of total count
                 A         B        C        D         E       F
            +---------+---------+-------+---------+---------+-------
      Total |   14511 |    5622 |  27.9 |     213 |      16 |   7.0
            +---------+---------+-------+---------+---------+-------
        D:1 |      35 |       0 |   0.0 |      19 |       0 |   0.0
        D:2 |     114 |       2 |   1.7 |      25 |       1 |   3.8
        D:3 |      49 |     256 |  83.9 |      13 |       2 |  13.3
        D:4 |     130 |      14 |   9.7 |      10 |       1 |   9.1
        D:5 |     521 |       0 |   0.0 |      22 |       0 |   0.0
        D:6 |     363 |       0 |   0.0 |      14 |       0 |   0.0
        D:7 |    2077 |    1325 |  38.9 |      30 |       2 |   6.2
        D:8 |     767 |    3720 |  82.9 |      12 |       9 |  42.9
        D:9 |    3252 |     305 |   8.6 |      32 |       1 |   3.0
       D:10 |    2702 |       0 |   0.0 |      24 |       0 |   0.0
       D:11 |    2080 |       0 |   0.0 |       7 |       0 |   0.0
       D:12 |    2421 |       0 |   0.0 |       5 |       0 |   0.0
            +---------+---------+-------+---------+---------+-------
